 Dungeon Crawl Stone Soup version 0.30.0 (webtiles) character file.

Game seed: 845862418528513230

854 PurpleRed the Magician (level 7, 0/36 HPs)
             Began as a Deep Elf Fire Elementalist on May 17, 2023.
             Was a Follower of Vehumet.
             Succumbed to a gnoll sergeant's poison
             ... on level 6 of the Dungeon.
             The game lasted 00:16:19 (1920 turns).

PurpleRed the Magician (Deep Elf Fire Elementalist) Turns: 1920, Time: 00:16:20

Health: 0/36       AC:  4    Str:  5    XL:     7   Next: 70%
Magic:  10/19      EV: 12    Int: 22    God:    Vehumet [*.....]
Gold:   182        SH:  0    Dex: 15    Spells: 11/20 levels left

rFire   . . .        c - +2 dagger (venom)
rCold   . . .        (no shield)
rNeg    . . .        a - +0 robe
rPois   +            (no helmet)
rElec   .            z - +1 cloak
rCorr   .            (no gloves)
SInv    .            (no boots)
Will    .....        v - amulet of regeneration
Stlth   ++           w - ring of poison resistance
HPRegen 1.06/turn    (no ring)
MPRegen 0.16/turn

%: no passive effects
@: lethally poisoned (0 -> -4)
A: no striking features
a: Renounce Religion


You were on level 6 of the Dungeon.
You worshipped Vehumet.
Vehumet was aware of your devotion.
You visited 2 branches of the dungeon, and saw 8 of its levels.
You also visited: Sewer.

You collected 182 gold pieces.

Inventory:

Hand Weapons
 c - a +2 dagger of venom (weapon)
 e - a +0 heavy mace
 h - a +0 hand axe of electrocution
 i - a +0 sling
 p - a +2 flail of protection
Missiles
 n - 10 poisoned darts
Armour
 a - a +0 robe (worn)
 z - a +1 cloak (worn)
Jewellery
 v - an amulet of regeneration (around neck)
 w - a ring of poison resistance (left hand)
Wands
 A - a wand of polymorph (14)
 B - a wand of iceblast (6)
Scrolls
 f - 2 scrolls of blinking
 o - a scroll of vulnerability
 y - a scroll of fog {unknown}
 C - a scroll of amnesia {unknown}
Potions
 b - 2 potions of magic
 d - 2 potions of flight
 g - 2 potions of might {unknown}
 k - a potion of brilliance
 r - 2 potions of berserk rage
 s - a potion of degeneration
 t - a potion of heal wounds
 u - 2 potions of curing


   Skills:
 - Level 2.4 Dodging
 - Level 2.4 Stealth
 + Level 7.2 Spellcasting
 + Level 5.6 Conjurations
 - Level 4.0 Necromancy
 - Level 5.0 Fire Magic


You had 11 spell levels left.
You knew the following spells:

 Your Spells              Type           Power      Damage    Failure   Level
a - Foxfire               Conj/Fire      100%       2x1d9     1%          1
b - Scorch                Fire           58%        2d7       1%          2
c - Flame Wave            Conj/Fire      31%        2d9       9%          4
x - Sublimation of Blood  Necr           25%        N/A       2%          2

Your spell library contained the following spells:

 Spells                   Type           Power      Damage    Failure   Level
 Freeze                   Ice            28%        1d5       9%          1
 Cigotuvi's Dreadful Rot  Necr/Pois/Air  26%        N/A       7%          2
 Inner Flame              Hex/Fire       18%        N/A       9%          3
 Volatile Blastmotes      Fire/Tloc      36%        2d13      9%          3
 Lesser Beckoning         Tloc           14%        N/A       12%         2
 Wereblood                Tmut           7%         N/A       12%         2
 Ignite Poison            Fire/Tmut/Pois 15%        N/A       12%         3
 Gell's Gravitas          Tloc           7%         N/A       24%         3
 Ozocubu's Armour         Ice            7%         N/A       24%         3
 Teleport Other           Tloc           7%         N/A       24%         3
 Freezing Cloud           Conj/Ice/Air   8%         6-21      71%         5
 Metabolic Englaciation   Hex/Ice        3%         N/A       92%         5
 Yara's Violent Unravell  Hex/Tmut       3%         3d4       92%         5
 Simulacrum               Ice/Necr       8%         N/A       99%         6
 Enfeeble                 Hex            3%         N/A       100%        7
 Summon Hydra             Summ           3%         N/A       100%        7


Dungeon Overview and Level Annotations

Branches:
Dungeon (7/15)             Temple (1/1) D:5           Sewer (visited)

Altars:
Ashenzari
Dithmenos
Fedhas
Gozag
Hepliaklqana
Kikubaaqudgha
Makhleb
Okawaru
Qazlal
Ru
Sif Muna
Trog
Uskayaw
Vehumet
Wu Jian
Xom
Yredelemnul
Zin
The Shining One


Message History

* * * LOW HITPOINT WARNING * * *
A wave of flame ripples out!
The flame wave engulfs the gnoll!
You kill the gnoll!
Vehumet accepts your kill.
The flame wave engulfs the gnoll sergeant but does no damage.
The gnoll sergeant is heavily wounded.
The gnoll sergeant hits you from afar with a +4 trident of venom.
* * * LOW HITPOINT WARNING * * *
Your Spellcasting skill increases to level 7!
A wave of flame ripples out!
The flame wave engulfs the gnoll sergeant.
The gnoll sergeant is severely wounded.
The flame wave engulfs the gnoll!
The gnoll is severely wounded.
You finish channelling waves of flame.
The gnoll sergeant hits you from afar with a +4 trident of venom.
* * * LOW HITPOINT WARNING * * *
You are lethally poisoned!
Aiming: Iceblast
Press: ? - help, Shift-Dir - straight line, f - gnoll sergeant
Aim: a gnoll sergeant, wielding a +4 trident of venom, wearing a +0 scale mail and wearing a +0 buckler (severely wounded)
The mass of ice explodes!
The iceblast engulfs the gnoll sergeant!
You kill the gnoll sergeant!
Vehumet accepts your kill.
The iceblast engulfs the gnoll!
You kill the gnoll!
Vehumet accepts your kill.
You feel your power returning.
The iceblast engulfs the gnoll!
The gnoll is almost dead.
* * * LOW HITPOINT WARNING * * *
You feel very sick.
Aiming: Iceblast
Press: ? - help, Shift-Dir - straight line, f - gnoll
Aim: a gnoll, wielding a +0 spear (almost dead)
The mass of ice explodes!
The iceblast engulfs the gnoll!
You kill the gnoll!
Vehumet accepts your kill.
You feel your power returning.
You die...

....# ...............# ....#
#..............# ....##
#..<...........# .....#
#......)......# # .....##
##............# .# ......#
##.............#.## ......##
##....))...........##
.......####.....).............#
.####...........@.........###.#
# ##.....####†........### #
##..### ##.......## #..#
#...#...# #..## ##...##...#
#..# #....##...# ...#
#...####..# #..## #...# ....#
#...# .....#


There were no monsters in sight!

Vanquished Creatures
  A water moccasin (Sewer)
  A phantom (D:4)
  A bullfrog (D:6)
  A gnoll sergeant (D:6)
  A scorpion (D:5)
  3 killer bees (D:5)
  2 hounds (D:4)
  An orc priest (D:5)
  Ijyb (D:5)
  2 orc wizards
  7 gnolls
  2 river rats (D:5)
  5 adders
  3 worms (D:2)
  A dart slug (D:1)
  13 orcs
  5 endoplasms
  2 giant cockroaches
  4 goblins
  4 hobgoblins
  5 jackals (D:2)
  A quokka (D:1)
  3 ball pythons
  7 bats
  A frilled lizard (D:3)
  5 kobolds
  9 rats
91 creatures vanquished.

Vanquished Creatures (others)
  61 foxfires
  A plant (D:5)
62 creatures vanquished.

Grand Total: 153 creatures vanquished

Notes
Turn   | Place    | Note
-------+----------+-------------------------------------------
     0 | D:1      | PurpleRed the Deep Elf Fire Elementalist began the quest
                  | for the Orb.
     0 | D:1      | Reached XP level 1. HP: 10/10 MP: 6/6
   142 | D:1      | Reached XP level 2. HP: 15/15 MP: 8/8
   171 | D:1      | You fall into a shaft and drop 1 floor!
   211 | D:2      | Learned a level 2 spell: Scorch
   325 | D:2      | Reached XP level 3. HP: 7/19 MP: 6/10
   527 | D:3      | Found a faded altar of an unknown god.
   540 | D:3      | Reached skill level 4 in Spellcasting
   606 | D:3      | Reached XP level 4. HP: 24/24 MP: 7/12
   612 | D:3      | Learned a level 4 spell: Flame Wave
   735 | D:3      | Found a shimmering blue altar of Sif Muna.
   739 | D:3      | Found a shadowy altar of Dithmenos.
  1021 | D:4      | Noticed a phantom
  1039 | D:4      | Killed a phantom
  1040 | D:4      | Reached XP level 5. HP: 20/28 MP: 3/14
  1057 | D:4      | Found a glowing silver altar of Zin.
  1085 | D:4      | Reached skill level 5 in Spellcasting
  1129 | D:4      | Learned a level 2 spell: Sublimation of Blood
  1164 | D:5      | Entered Level 5 of the Dungeon
  1388 | D:5      | Found an iron altar of Okawaru.
  1392 | D:5      | Noticed Ijyb
  1422 | D:4      | Reached skill level 1 in Necromancy
  1422 | D:4      | Reached skill level 5 in Fire Magic
  1422 | D:4      | Reached XP level 6. HP: 19/32 MP: 16/16
  1470 | D:5      | Found a staircase to the Ecumenical Temple.
  1481 | Temple   | Entered the Ecumenical Temple
  1486 | Temple   | Became a worshipper of Vehumet
  1509 | D:5      | Found a glowing drain.
  1522 | Sewer    | Entered a sewer
  1563 | Sewer    | Noticed a water moccasin
  1567 | Sewer    | Killed a water moccasin
  1646 | D:5      | Killed Ijyb
  1686 | D:5      | Reached skill level 6 in Spellcasting
  1705 | D:5      | Reached XP level 7. HP: 24/36 MP: 8/18
  1789 | D:5      | Reached skill level 5 in Conjurations
  1887 | D:6      | Reached * piety under Vehumet
  1887 | D:6      | Offered knowledge of Freeze by Vehumet.
  1918 | D:6      | Reached skill level 7 in Spellcasting
  1920 | D:6      | Succumbed to a gnoll sergeant's poison

Illustrated notes

Levels and vault maps discovered:
D:1:      onia_arrival_handbag, layout_basic, hex_large
D:2:      layout_basic
D:3:      layout_loops_ring, grunt_temple_overflow_open,
          nicolae_ecumenical_pavilion
D:4:      layout_cave_pools, zin_academy, kennysheep_potato
D:5:      layout_cave_pools, overflow_temple_1_default,
          minmay_temple_entry_gardened_gates, portal_sewer_entry_b, uniq_ijyb
D:6:      layout_layer_cave, dreamdust_wishing_well, minmay_door_square
D:7:      layout_basic, ebering_ghost_reflecting_pool, nicolae_underground_beach
Temple:   minmay_freezing_vapour_temple

Skill      XL: |  1  2  3  4  5  6  7 |
---------------+----------------------+-----
Conjurations   | 2 3 4 5 |  5.6
Spellcasting   | 4 5 6 7 |  7.2
Fire Magic     | 4 5 |  5.0
Necromancy     | 1 2 4 |  4.0
Dodging        | |  2.4
Stealth        | |  2.4

Action                     |  1- 3 |  4- 6 |  7- 9 || total
---------------------------+-------+-------+-------++-------
  Melee: Mace              |    13 |       |       ||    13
         Flail             |       |    83 |     3 ||    86
         Unarmed           |       |    14 |       ||    14
         Punch             |       |     1 |       ||     1
         Dagger            |       |       |     2 ||     2
   Cast: Foxfire           |    42 |       |       ||    42
         Scorch            |     7 |    19 |     5 ||    31
         Flame Wave        |       |     3 |     3 ||     6
  Evoke: Wand              |       |       |     3 ||     3
    Use: Scroll            |       |     2 |    10 ||    12
         Potion            |       |     2 |       ||     2
   Stab: Sleeping          |       |     4 |     2 ||     6
 Armour: Robe              |    13 |    55 |     4 ||    72
  Dodge: Dodged            |    32 |   114 |     6 ||   152
